 Dungeon Crawl Stone Soup version 0.26-a0-858-gbf766624f9 (webtiles) character file.

Game seed: 1180223988371552108

103 marklar909 the Vandal (level 5, 0/51 HPs)
             Began as a Halfling Hunter on Nov 24, 2020.
             Succumbed to an adder's poison
             ... on level 2 of the Dungeon.
             The game lasted 00:02:31 (1601 turns).

marklar909 the Vandal (Halfling Hunter)             Turns: 1601, Time: 00:02:32

Health: 0/51       AC: 22    Str: 14    XL:     5   Next: 6%
Magic:  5/5        EV:  3    Int:  9    God:
Gold:   67         SH:  0    Dex: 15    Spells: 4/4 levels left

rFire    + . .     SeeInvis .   b - +0 short sword
rCold    + . .     Faith    .   (shield restricted)
rNeg     + + +     Spirit   .   (armour currently unavailable)
rPois    +         Reflect  .   (helmet currently unavailable)
rElec    +         Harm     .   (cloak currently unavailable)
rCorr    +         Rampage  .   (gloves currently unavailable)
MR       .....     NoTele   +   (boots currently unavailable)
Stlth    ++........             (no amulet)
HPRegen  0.17/turn              (no ring)
MPRegen  0.09/turn              (no ring)

@: lethally poisoned (0 -> -4), tree-form, resistant, berserk cooldown, hasted
and slowed
A: small, mutation resistance 1
a: no special abilities


You were on level 2 of the Dungeon.
You were a tree.
You visited 1 branch of the dungeon, and saw 2 of its levels.

You collected 67 gold pieces.

Inventory:

Hand Weapons
 a - a +1 hunting sling
 b - a +0 short sword (weapon)
Missiles
 c - 60 stones (quivered)
 d - 13 sling bullets
Armour
 j - a +0 ring mail (melded)
Jewellery
 m - a +6 ring of strength {unknown}
Scrolls
 e - a scroll of amnesia {unknown}
 f - a scroll of identify {unknown}
 g - a scroll of fog {unknown}
 k - a scroll of immolation
 l - 2 scrolls of remove curse {unknown}
Potions
 h - a potion of cancellation
 n - a potion of lignification
 o - a potion of haste
 q - a potion of flight


   Skills:
 + Level 2.3 Fighting
 + Level 7.8 Slings
 + Level 1.3 Armour
 + Level 2.5 Dodging
 + Level 1.2 Stealth


You had 4 spell levels left.
You didn't know any spells.
Your spell library was empty.

Dungeon Overview and Level Annotations

Branches:
Dungeon (2/15)

Altars:
Ashenzari


Innate Abilities, Weirdness & Mutations

You are small and have problems with some larger weapons.
You are somewhat resistant to further mutation.


Message History

* * * LOW HITPOINT WARNING * * *
You feel sick.
You have reached level 5!
You feel agile.
You are too berserk!
Unknown command.
There is a lethal amount of poison in your body!
You feel a strong urge to attack something.
* * * LOW HITPOINT WARNING * * *
You feel sick.
You are no longer berserk.
You are exhausted.
You feel yourself slow down.
* * * LOW HITPOINT WARNING * * *
You feel sick.
It was a potion of resistance.
You feel protected.
* * * LOW HITPOINT WARNING * * *
You feel sick.
You die...

#...#...#
#...#...#
#######...#...#
#.........#...#
#.###.....#...#
#.# #.....#...#
#.# ###...#...#
#.#
###)#...####
#♣# #.#.......
#.(.#
#)........
#####
#....(....
#.........
#.........
#.........
#.........
#.........
#.........


There were no monsters in sight!

Vanquished Creatures
  3 adders (D:2)
  An ooze (D:1)
  4 dart slugs
  A leopard gecko (D:2)
  A ball python (D:1)
  8 bats
  5 giant cockroaches
  6 goblins
  10 hobgoblins
  6 jackals (D:1)
  2 kobolds (D:1)
  A quokka (D:2)
  A frilled lizard (D:1)
  3 rats (D:1)
52 creatures vanquished.

Notes
Turn   | Place    | Note
-------+----------+-------------------------------------------
     0 | D:1      | marklar909 the Halfling Hunter began the quest for the Orb.
     0 | D:1      | Reached XP level 1. HP: 14/14 MP: 1/1
    72 | D:1      | Reached skill level 6 in Slings
   279 | D:1      | Reached XP level 2. HP: 19/19 MP: 2/2
   405 | D:1      | Reached XP level 3. HP: 24/24 MP: 3/3
   600 | D:1      | Reached skill level 7 in Slings
  1061 | D:2      | Reached XP level 4. HP: 29/29 MP: 4/4
  1297 | D:2      | Found a faded altar of an unknown god.
  1297 | D:2      | Found a broken altar of Ashenzari.
  1522 | D:2      | Reached skill level 1 in Armour
  1595 | D:2      | Reached XP level 5. HP: 4/34 MP: 5/5
  1598 | D:2      | HP: 2/51 [poisoned by an adder]
  1601 | D:2      | Succumbed to an adder's poison

Illustrated notes

Levels and vault maps discovered:
D:1:      minmay_arrival_hallway, layout_loops_corners
D:2:      layout_basic, chequers_ecumenical_altar_simple_redux,
          ashenzari_altar_1

Skill      XL: |  1  2  3  4 |
---------------+-------------+-----
Slings         | 6 7 |  7.8
Fighting       | 2 |  2.3
Armour         | 1 |  1.3
Dodging        | |  2.5
Stealth        | |  1.2

Action                   |  1- 3 |  4- 6 || total
-------------------------+-------+-------++-------
Melee: Short sword       |       |     3 ||     3
 Fire: Hunting sling     |    84 |    78 ||   162
  Use: Scroll            |     1 |       ||     1
       Potion            |       |     6 ||     6
Armor: Leather armour    |     4 |       ||     4
       Ring mail         |     1 |    14 ||    15
       Skin              |       |     6 ||     6
Dodge: Dodged            |    20 |    20 ||    40

Table legend: (Time is in decaauts)
 A = Elapsed time spent in this place.
 B = Non-inter-level travel time spent in this place.
 C = Inter-level travel time spent in this place.
 D = Time resting spent in this place.
 E = Time spent auto-exploring this place.
 F = Levels seen in this place.
 G = Mean time per level.
                   A        B        C        D        E       F      G
               +--------+--------+--------+--------+--------+-----+--------+
         Total |   1572 |   1546 |     26 |      0 |   1244 |   2 |  786.0 |
       Dungeon |   1572 |   1546 |     26 |      0 |   1244 |   2 |  786.0 |
               +--------+--------+--------+--------+--------+-----+--------+

Top non-repeatable levels by time:
     D:1: 1041 daAuts
     D:2: 530 daAuts
